 Dungeon Crawl Stone Soup version 0.31-a0-202-g547052bce9 (webtiles) character file.

Game seed: 15348188531204805550

176 qw the Skirmisher (level 5, 0/29 HPs)
             Began as a Deep Elf Hunter on June 26, 2023.
             Slain by a gnoll
             ... wielding a +0 spear
              (5 damage)
             ... on level 4 of the Dungeon.
             The game lasted 00:01:02 (2576 turns).

qw the Skirmisher (Deep Elf Hunter)                 Turns: 2576, Time: 00:01:03

Health: 0/29       AC:  7    Str: 10    XL:     5   Next: 30%
Magic:  7/7        EV: 11    Int: 14    God:
Gold:   106        SH:  0    Dex: 18    Spells: 4/4 levels left

rFire   . . .        Y - +0 shortbow
rCold   . . .        (shield currently unavailable)
rNeg    . . .        d - +0 ring mail
rPois   .            (no helmet)
rElec   .            f - +0 cloak
rCorr   .            o - +0 pair of gloves
SInv    .            (no boots)
Will    .....        (no amulet)
Stlth   +            (no ring)
HPRegen 0.24/turn    (no ring)
MPRegen 0.10/turn

%: no passive effects
@: about to teleport
A: no striking features
a: no special abilities


You were on level 4 of the Dungeon.
You visited 1 branch of the dungeon, and saw 4 of its levels.

You collected 249 gold pieces.
You spent 143 gold pieces at shops.


   Skills:
 - Level 1.5 Fighting
 + Level 8.5 Ranged Weapons
 - Level 1.0 Armour
 - Level 2.4 Dodging
 - Level 1.2 Stealth


You had 4 spell levels left.
You didn't know any spells.
Your spell library was empty.

Inventory:

Hand Weapons
 Y - a +0 shortbow (weapon)
Armour
 d - a +0 ring mail (worn)
 f - a +0 cloak (worn)
 o - a +0 pair of gloves (worn)
Jewellery
 c - a ring of fire
 e - a +4 ring of protection
Scrolls
 b - 2 scrolls of identify
Potions
 a - 4 potions of curing
 h - a potion of cancellation
 i - a potion of haste
 j - a potion of heal wounds

Dungeon Overview and Level Annotations

Branches:
Dungeon (4/15)
 Temple: D:4-7

Altars:
Fedhas

Shops:
D:3 !


Message History

A gnoll comes into view. It is wielding a +0 flail.
You shoot an arrow. The arrow closely misses the gnoll.
A gnoll comes into view. It is wielding a +0 flail.
A gnoll comes into view. It is wielding a +0 spear.
2566 ||| Stepping ~*~*~tactically~*~*~ (outnumbered).
Enter note: You shoot an arrow.
The arrow hits the gnoll.
The gnoll is almost dead.
You shoot an arrow. The arrow hits the gnoll.
You kill the gnoll!
The gnoll hits you from afar with a +0 spear.
You shoot an arrow. The arrow closely misses the gnoll.
The gnoll hits you from afar with a +0 spear.
You shoot an arrow. The arrow hits the gnoll.
The gnoll is moderately wounded.
The gnoll completely misses you.
2571 ||| Stepping ~*~*~tactically~*~*~ (outnumbered).
You shoot an arrow. The arrow hits the gnoll.
The gnoll is moderately wounded.
You shoot an arrow. The arrow hits the gnoll.
The gnoll is heavily wounded.
The gnoll hits you with a +0 flail.
The gnoll hits you from afar with a +0 spear.
The gnoll hits you with a +0 flail.
The gnoll hits you from afar with a +0 spear.
You shoot an arrow. The arrow closely misses the gnoll.
You hear a shout!
The gnoll misses you. The gnoll closely misses you.
You shoot an arrow.
The arrow hits the gnoll but does no damage.
The gnoll is heavily wounded.
The gnoll closely misses you. The gnoll hits you with a +0 flail.
The gnoll hits you from afar with a +0 spear.
2576 ||| READING scroll of teleportation.
As you read the scroll of teleportation, it crumbles to dust.
You feel strangely unstable. The gnoll hits you with a +0 flail.
A gnoll comes into view. It is wielding a +1 whip of draining.
The gnoll hits you from afar with a +0 spear.
You die...

.......77 #.
........7 #..##### [.
......7.7 #....#..
.### 7...77777
#.#.... ...# 7...77
#......#...# .....7
#...#.....# ....##
###.#.##g...# ###.#
##......ggg..# #
#.######..#...@g#...#
#
#.............###.g.#
###.#......##..##
...# .!.......##...##
#.## #....###.#..###
g# ..#.###....## .#
...(....##.#### gg
).......##....###.(.
........##..........


You could see 5 gnolls.

Vanquished Creatures
  Jessica (D:2)
  A gnoll (D:4)
  5 adders
  A white imp (D:4)
  A worm (D:3)
  2 dart slugs (D:3)
  8 orcs
  4 bats
  5 endoplasms
  2 giant cockroaches
  6 goblins
  8 hobgoblins
  3 jackals (D:3)
  5 kobolds
  5 quokkas
  7 ball pythons
  5 frilled lizards
  3 rats
72 creatures vanquished.

Notes
Turn   | Place    | Note
-------+----------+-------------------------------------------
     0 | D:1      | qw the Deep Elf Hunter began the quest for the Orb.
     0 | D:1      | Reached XP level 1. HP: 12/12 MP: 3/3
     0 | D:1      | 0 ||| qw: Version: 0.3-a-22-g0ed2b0b
     0 | D:1      | 0 ||| qw: Game counter: 5811
     0 | D:1      | 0 ||| qw: Melee chars always use a shield: true
     0 | D:1      | 0 ||| qw: God list: Okawaru
     0 | D:1      | 0 ||| qw: Allow faded altars: false
     0 | D:1      | 0 ||| qw: Do Orc after clearing Dungeon:15 true
     0 | D:1      | 0 ||| qw: Do second Lair branch before Depths: true
     0 | D:1      | 0 ||| qw: Lair rune preference: random
     0 | D:1      | 0 ||| qw: Goals: Normal
     0 | D:1      | 0 ||| PLANNING D:1-11
   243 | D:1      | Reached XP level 2. HP: 16/16 MP: 4/4
   273 | D:1      | Reached skill level 6 in Ranged Weapons
   691 | D:1      | 691 ||| UPGRADING to +0 scale mail.
   701 | D:1      | 701 ||| DROPPING +0 leather armour.
   702 | D:1      | 702 ||| READING scroll labelled QYTOS HONECSE.
   703 | D:1      | 703 ||| READING scroll labelled QUELAU QO QYZA.
   707 | D:1      | 707 ||| DRINKING 2 fuming puce potions.
   708 | D:1      | 708 ||| DROPPING scroll of butterflies.
   750 | D:2      | Reached XP level 3. HP: 20/20 MP: 5/5
   917 | D:2      | 917 ||| FLEEEEING.
   966 | D:2      | Noticed Jessica
   967 | D:2      | Killed Jessica
   968 | D:2      | Reached skill level 7 in Ranged Weapons
  1060 | D:2      | Reached XP level 4. HP: 21/25 MP: 6/6
  1561 | D:2      | 1561 ||| UPGRADING to +0 cloak.
  1566 | D:2      | 1566 ||| UPGRADING to +0 pair of gloves.
  1571 | D:2      | 1571 ||| READING scroll labelled LOETHI VU HOEGOT.
  1572 | D:2      | 1572 ||| READING scroll labelled ESE ITEJ LOU.
  1573 | D:2      | 1573 ||| DRINKING 4 puce potions.
  1574 | D:2      | 1574 ||| DRINKING 2 fuming white potions.
  1627 | D:2      | 1627 ||| DRINKING 2 glowing pink potions.
  1628 | D:2      | 1628 ||| DRINKING 2 smoky blue potions.
  1629 | D:2      | 1629 ||| READING 3 scrolls of identify.
  1629 | D:2      | 1629 ||| IDENTIFYING bubbling silvery potion
  1630 | D:2      | 1630 ||| READING 2 scrolls of identify.
  1630 | D:2      | 1630 ||| IDENTIFYING bubbling coppery potion
  1631 | D:2      | 1631 ||| DROPPING potion of lignification.
  1632 | D:2      | 1632 ||| DROPPING potion of brilliance.
  1633 | D:2      | 1633 ||| DROPPING potion of attraction.
  1634 | D:2      | 1634 ||| DROPPING potion of degeneration.
  1840 | D:3      | Identified the +6 war axe of Action {speed, rElec rN++
                  | Str+4 Dex-2}
  1900 | D:3      | Reached skill level 8 in Ranged Weapons
  2027 | D:3      | Reached skill level 1 in Armour
  2190 | D:3      | Reached XP level 5. HP: 29/29 MP: 7/7
  2193 | D:3      | Found Cutisule's Distillery.
  2200 | D:3      | 2200 ||| BUYING potion of cancellation (104 gold).
  2200 | D:3      | Bought a potion of cancellation for 104 gold pieces
  2200 | D:3      | 2200 ||| BUYING potion of curing (39 gold).
  2200 | D:3      | Bought a potion of curing for 39 gold pieces
  2200 | D:3      | 2200 ||| SHOPLISTING potion of haste (130 gold, have 92).
  2200 | D:3      | 2200 ||| SHOPLISTING potion of mutation (104 gold, have
                  | 92).
  2379 | D:3      | 2379 ||| UPGRADING to +0 ring mail.
  2389 | D:3      | 2389 ||| DROPPING +0 scale mail.
  2390 | D:3      | 2390 ||| READING scroll labelled ANICHE ZUITHRU.
  2495 | D:4      | Found a blossoming altar of Fedhas.
  2566 | D:4      | 2566 ||| Stepping ~*~*~tactically~*~*~ (outnumbered).
  2571 | D:4      | 2571 ||| Stepping ~*~*~tactically~*~*~ (outnumbered).
  2575 | D:4      | HP: 7/29 [gnoll/+0 spear (2)]
  2576 | D:4      | 2576 ||| READING scroll of teleportation.
  2576 | D:4      | Slain by a gnoll

Levels and vault maps discovered:
D:1:      ncdulo_halloftheorcs, layout_loops_ring, grunt_decor_junction
D:2:      minmay_spotlight, layout_basic, minmay_pentomino_r4, uniq_jessica
D:3:      layout_loops_ring, serial_shops, shop
D:4:      layout_rooms, fedhas_altar_fruit_tree, overflow_temple_1_default,
          uniq_sigmund

Skill      XL: |  1  2  3  4 |
---------------+-------------+-----
Ranged Weapons | 6 7 8 |  8.5
Armour         | 1 |  1.0
Fighting       | |  1.5
Dodging        | |  2.4
Stealth        | |  1.2

Action                     |  1- 3 |  4- 6 || total
---------------------------+-------+-------++-------
   Fire: Shortbow          |    87 |   151 ||   238
    Use: Scroll            |     2 |     6 ||     8
         Potion            |     1 |     4 ||     5
 Armour: Leather armour    |     6 |       ||     6
         Scale mail        |     8 |    32 ||    40
         Ring mail         |       |     9 ||     9
  Dodge: Dodged            |    14 |    44 ||    58

Table legend:
 A = Non-vault XP
 B = Vault XP
 C = Vault XP percentage of total XP
 D = Non-vault monster count
 E = Vault monster count
 F = Vault count percentage of total count
                 A         B        C        D         E       F
            +---------+---------+-------+---------+---------+-------
      Total |     200 |      52 |  20.6 |      62 |      10 |  13.9
            +---------+---------+-------+---------+---------+-------
        D:1 |      27 |       0 |   0.0 |      18 |       0 |   0.0
        D:2 |      28 |      52 |  65.0 |       9 |      10 |  52.6
        D:3 |      96 |       0 |   0.0 |      27 |       0 |   0.0
        D:4 |      49 |       0 |   0.0 |       8 |       0 |   0.0
            +---------+---------+-------+---------+---------+-------
